 Dungeon Crawl Stone Soup version 0.30-a0-364-gf6b3ef1049 (webtiles) character file.

Game seed: 12763474352478548856

1218 purpskrrrp the Thaumaturge (level 8, -1/58 HPs)
             Began as a Gnoll Wanderer on Nov 14, 2022.
             Slain by an iguana (9 damage)
             ... on level 4 of the Dungeon.
             The game lasted 00:11:01 (4993 turns).

purpskrrrp the Thaumaturge (Gnoll Wanderer)         Turns: 4993, Time: 00:11:02

Health: -1/58      AC:  9    Str: 16    XL:     8   Next: 46%
Magic:  20/21      EV: 14    Int: 11    God:
Gold:   312        SH:  0    Dex: 21    Spells: 22/26 levels left

rFire   . . .      SeeInvis .    D - +2 morningstar (holy)
rCold   . . .      Faith    .    (no shield)
rNeg    . . .      Spirit   .    w - +2 ring mail of Terror {rElec rPois Str+7 Dex-2}
rPois   +          Reflect  .    b - +1 helmet
rElec   +          Harm     .    (no cloak)
rCorr   .          Rampage  .    (no gloves)
Will    .....                    (no boots)
Stlth   ++........               (no amulet)
HPRegen 0.29/turn                e - +6 ring of dexterity
MPRegen 0.17/turn                f - ring of wizardry

@: mighty
A: fangs 1, strong nose, distributed training
a: no special abilities


You were on level 4 of the Dungeon.
You visited 1 branch of the dungeon, and saw 6 of its levels.

You collected 312 gold pieces.

Inventory:

Hand Weapons
 a - a +2 short sword
 j - a +4 short sword
 D - a +2 morningstar of holy wrath (weapon)
Missiles
 z - 9 poisoned darts
Armour
 b - a +1 helmet (worn)
 d - a +0 robe
 w - the +2 ring mail of Terror (worn) {rElec rPois Str+7 Dex-2}
   (You found it on level 3 of the Dungeon)

   Str:       It affects your strength (+7).
   Dex:       It affects your dexterity (-2).
   rElec:     It insulates you from electricity.
   rPois:     It protects you from poison.
Magical Staves
 t - a staff of poison
Jewellery
 e - a +6 ring of dexterity (left hand)
 f - a ring of wizardry (right hand)
 C - a ring of willpower
Scrolls
 i - 2 scrolls of vulnerability
 l - a scroll of immolation {unknown}
 o - 3 scrolls of identify
 p - 4 scrolls of teleportation {unknown}
 r - a scroll of magic mapping {unknown}
 s - a scroll of silence {unknown}
 u - 2 scrolls of poison {unknown}
 v - a scroll of enchant weapon {unknown}
 y - a scroll of brand weapon {unknown}
 A - a scroll of blinking {unknown}
Potions
 c - 3 potions of curing
 h - a potion of magic {unknown}
 k - a potion of brilliance {unknown}
 m - 2 potions of haste {unknown}
 q - a potion of cancellation {unknown}
 x - 3 potions of lignification {unknown}
 B - a potion of berserk rage {unknown}


   Skills:
 + Level 3.4 Fighting
 + Level 7.4 Short Blades
 + Level 3.4 Long Blades
 + Level 3.4 Axes
 + Level 3.4 Maces & Flails
 + Level 3.4 Polearms
 + Level 3.4 Staves
 + Level 3.4 Ranged Weapons
 + Level 3.4 Throwing
 + Level 3.4 Armour
 + Level 5.8 Dodging
 + Level 4.2 Stealth
 + Level 3.4 Shields
 + Level 3.4 Unarmed Combat
 + Level 9.9 Spellcasting
 + Level 2.8 Conjurations
 + Level 2.8 Hexes
 + Level 2.8 Summonings
 + Level 2.8 Necromancy
 + Level 2.8 Translocations
 + Level 2.8 Transmutations
 + Level 2.8 Fire Magic
 + Level 2.8 Ice Magic
 + Level 2.8 Air Magic
 + Level 2.8 Earth Magic
 + Level 2.8 Poison Magic
 + Level 3.8 Invocations
 + Level 3.4 Evocations


You had 22 spell levels left.
You knew the following spells:

 Your Spells              Type           Power      Damage    Failure   Level
a - Freeze                Ice            44%        1d6       3%          1
b - Hailstorm             Conj/Ice       11%        3d5       9%          3

Your spell library contained the following spells:

 Spells                   Type           Power      Damage    Failure   Level
 Apportation              Tloc           22%        N/A       3%          1
 Dazzling Flash           Conj/Hex       22%        N/A       9%          3
 Agony                    Necr           11%        N/A       61%         5
 Alistair's Intoxication  Tmut/Pois      7%         N/A       61%         5
 Silence                  Hex/Air        5%         N/A       61%         5


Dungeon Overview and Level Annotations

Branches:
Dungeon (6/15)
 Temple: D:4-7

Altars:
Ashenzari
Elyvilon
Hepliaklqana

Shops:
D:1 ?   D:6 [


Innate Abilities, Weirdness & Mutations

You have very sharp teeth.
Your uncanny sense of smell can sniff out nearby items.
Your experience applies equally to all skills.


Message History

You are too injured to fight recklessly!
You are too injured to fight recklessly!
Casting: Hailstorm (dangerous; 9% risk of failure)
Confirm with . or Enter, or press ? or * to list all spells.
You don't know that spell.
You feel much better. The adder barely misses you. The iguana bites you!
Something hits you but does no damage. The orc warrior barely misses you.
The orc hits you with a +0 short sword.
You feel very mighty all of a sudden. The adder barely misses you.
You hear some strange, mumbled words.
A magic dart appears from out of thin air!
The magic dart hits you. The orc warrior closely misses you.
The iguana barely misses you. The orc hits you but does no damage.
You sock something!
Reactivating autopickup.
You feel a bit more experienced. The adder closely misses you.
The orc misses you.
The orc warrior hits you but does no damage.
The iguana bites you!
* * * LOW HITPOINT WARNING * * *
The adder barely misses you. The orc attacks as you move away!
The orc hits you with a +0 short sword.
* * * LOW HITPOINT WARNING * * *
The orc warrior barely misses you. The howler monkey hits you.
* * * LOW HITPOINT WARNING * * *
You closely miss the orc warrior.
The orc warrior is moderately wounded.
The orc misses you. The iguana barely misses you.
The orc warrior hits you with a +0 short sword.
* * * LOW HITPOINT WARNING * * *
The howler monkey closely misses you.
You sock the orc warrior!
The orc warrior is severely wounded.
The howler monkey hits you but does no damage.
The orc misses you.
The orc warrior hits you with a +0 short sword.
* * * LOW HITPOINT WARNING * * *
The iguana bites you!
You die...

#.........#
#.####.....## ##
##.....######
#......##..#
#.......#..## ∆
#...........##
+............#
#.........o..##
####.....@oS..#
###...lh...##..#
#....g)).....#
##...........#
##..........#
##........#.
###........
##.....#.
#......


You could see an orc warrior, a howler monkey, an iguana, an adder, an orc and a
hobgoblin.

Vanquished Creatures
  Sigmund (D:4)
  A water moccasin (D:6)
  3 black bears
  An ogre (D:6)
  3 killer bees (D:6)
  2 howler monkeys (D:6)
  A hound (D:2)
  An orc priest (D:4)
  2 iguanas
  3 orc wizards
  Natasha (D:4)
  4 adders
  4 gnolls
  A shadow imp (D:6)
  2 ufetubi
  2 worms
  3 dart slugs
  13 orcs
  3 endoplasms
  2 giant cockroaches
  3 goblins
  5 hobgoblins
  3 jackals (D:2)
  7 kobolds
  A quokka (D:1)
  6 ball pythons
  2 bats
  3 frilled lizards
  7 rats
90 creatures vanquished.

Notes
Turn   | Place    | Note
-------+----------+-------------------------------------------
     0 | D:1      | Reached skill level 9 in Spellcasting
     0 | D:1      | purpskrrrp the Gnoll Wanderer began the quest for the Orb.
     0 | D:1      | purpskrrrp set off with the following items: a +2 short
                  | sword, a +0 helmet, a potion of curing, a +0 robe; and the
                  | following spell memorised: Freeze; and the following spells
                  | available to memorise: Hailstorm.
     0 | D:1      | Reached XP level 1. HP: 13/13 MP: 10/10
   155 | D:1      | Reached XP level 2. HP: 18/19 MP: 12/12
   246 | D:1      | Found Kaeps's Magic Scroll Emporium.
   770 | D:2      | Reached skill level 1 in Fighting
   770 | D:2      | Reached skill level 1 in Long Blades
   770 | D:2      | Reached skill level 1 in Axes
   770 | D:2      | Reached skill level 1 in Maces & Flails
   770 | D:2      | Reached skill level 1 in Polearms
   770 | D:2      | Reached skill level 1 in Staves
   770 | D:2      | Reached skill level 1 in Ranged Weapons
   770 | D:2      | Reached skill level 1 in Throwing
   770 | D:2      | Reached skill level 1 in Armour
   770 | D:2      | Reached skill level 1 in Shields
   770 | D:2      | Reached skill level 1 in Unarmed Combat
   770 | D:2      | Reached skill level 1 in Invocations
   770 | D:2      | Reached skill level 1 in Evocations
   770 | D:2      | Reached XP level 3. HP: 13/26 MP: 13/13
   949 | D:2      | Reached XP level 4. HP: 32/32 MP: 15/15
  1220 | D:2      | Found a faded altar of an unknown god.
  1399 | D:2      | Reached skill level 1 in Conjurations
  1399 | D:2      | Reached skill level 1 in Hexes
  1399 | D:2      | Reached skill level 1 in Summonings
  1399 | D:2      | Reached skill level 1 in Necromancy
  1399 | D:2      | Reached skill level 1 in Translocations
  1399 | D:2      | Reached skill level 1 in Transmutations
  1399 | D:2      | Reached skill level 1 in Fire Magic
  1399 | D:2      | Reached skill level 1 in Ice Magic
  1399 | D:2      | Reached skill level 1 in Air Magic
  1399 | D:2      | Reached skill level 1 in Earth Magic
  1399 | D:2      | Reached skill level 1 in Poison Magic
  1403 | D:2      | Learned a level 3 spell: Hailstorm
  1903 | D:2      | Prayed at the altar of an unknown god.
  1903 | D:2      | Became a worshipper of Elyvilon the Healer
  1903 | D:2      | Reached * piety under Elyvilon
  1909 | D:2      | Fell from the grace of Elyvilon
  2172 | D:3      | Reached XP level 5. HP: 37/37 MP: 16/16
  2393 | D:3      | Identified the +2 ring mail of Terror {rElec rPois Str+7
                  | Dex-2}
  2516 | D:3      | Noticed a black bear
  2525 | D:3      | Killed a black bear
  2852 | D:4      | Noticed Natasha
  2852 | D:4      | You fall into a shaft and drop 2 floors!
  2883 | D:6      | Reached XP level 6. HP: 43/44 MP: 16/18
  2967 | D:6      | Reached skill level 5 in Dodging
  3169 | D:6      | Found Qomyklab's Antique Armour Shoppe.
  3239 | D:6      | Noticed a water moccasin
  3448 | D:6      | Killed a water moccasin
  3449 | D:6      | Reached XP level 7. HP: 15/51 MP: 20/20
  3781 | D:6      | Found a broken altar of Ashenzari.
  4119 | D:5      | Entered Level 5 of the Dungeon
  4183 | D:5      | Identified the +1 scale mail of the Sheltering Gods {-Cast
                  | rPois Dex+3}
  4223 | D:5      | Found a hazy altar of Hepliaklqana.
  4285 | D:5      | Reached XP level 8. HP: 45/58 MP: 21/21
  4661 | D:4      | Killed Natasha
  4753 | D:4      | Noticed Sigmund
  4764 | D:4      | Killed Sigmund
  4993 | D:4      | Slain by an iguana

Illustrated notes

Levels and vault maps discovered:
D:1:      roderic_crop_circles_arrival_small, layout_basic, serial_shops, shop
D:2:      layout_basic, shapermc_ecumenical_altar_totnotflames, chequers_jeans,
          lemuel_flame_loot_1
D:3:      layout_basic, kennysheep_path_1, kennysheep_generic_room_2
D:4:      layout_cave_pods, zin_scriptorium, st_stairs_9, patterned_corridor,
          uniq_sigmund, uniq_natasha
D:5:      layout_basic, overflow_temple_1_default, minmay_temple_entry_overgrown
D:6:      cheibrodos_iron_armory, layout_layer_cave, ashenzari_altar_1,
          serial_shops, shop_coins, minmay_crystal_room, nrook_pool_corridor,
          kennysheep_generic_room_10

Skill      XL: |  1  2  3  4  5  6  7  8 |
---------------+-------------------------+-----
Spellcasting   | |  9.9
Fighting       | 1 2 3 |  3.4
Long Blades    | 1 2 3 |  3.4
Axes           | 1 2 3 |  3.4
Maces & Flails | 1 2 3 |  3.4
Polearms       | 1 2 3 |  3.4
Staves         | 1 2 3 |  3.4
Ranged Weapons | 1 2 3 |  3.4
Throwing       | 1 2 3 |  3.4
Armour         | 1 2 3 |  3.4
Shields        | 1 2 3 |  3.4
Unarmed Combat | 1 2 3 |  3.4
Invocations    | 1 2 3 |  3.8
Evocations     | 1 2 3 |  3.4
Conjurations   | 1 2 |  2.8
Hexes          | 1 2 |  2.8
Summonings     | 1 2 |  2.8
Necromancy     | 1 2 |  2.8
Translocations | 1 2 |  2.8
Transmutations | 1 2 |  2.8
Fire Magic     | 1 2 |  2.8
Ice Magic      | 1 2 |  2.8
Air Magic      | 1 2 |  2.8
Earth Magic    | 1 2 |  2.8
Poison Magic   | 1 2 |  2.8
Stealth        | 3 4 |  4.2
Dodging        | 5 |  5.8
Short Blades   | 7 |  7.4

Action                   |  1- 3 |  4- 6 |  7- 9 || total
-------------------------+-------+-------+-------++-------
Melee: Short sword       |    79 |   128 |    99 ||   306
       Bite              |     7 |    12 |    11 ||    30
       Punch             |     1 |     3 |     1 ||     5
       Morningstar       |       |       |    12 ||    12
Throw: Dart              |       |       |     5 ||     5
       Throwing net      |       |       |     1 ||     1
 Cast: Hailstorm         |       |     1 |     9 ||    10
Invok: Renounce Religion |       |     1 |       ||     1
  Use: Scroll            |     3 |     1 |       ||     4
       Potion            |       |       |     3 ||     3
 Stab: Sleeping          |     1 |    10 |     1 ||    12
       Distracted        |       |     1 |       ||     1
       Held in net/web   |       |       |     1 ||     1
Armor: Robe              |    12 |     9 |       ||    21
       Ring mail         |       |    17 |    59 ||    76
Dodge: Dodged            |    43 |    62 |   116 ||   221

Table legend: (Time is in decaauts)
 A = Elapsed time spent in this place.
 B = Non-inter-level travel time spent in this place.
 C = Inter-level travel time spent in this place.
 D = Time resting spent in this place.
 E = Time spent auto-exploring this place.
 F = Levels seen in this place.
 G = Mean time per level.
                   A        B        C        D        E       F      G
               +--------+--------+--------+--------+--------+-----+--------+
         Total |   4894 |   4568 |    326 |    494 |   3315 |   6 |  815.7 |
       Dungeon |   4894 |   4568 |    326 |    494 |   3315 |   6 |  815.7 |
               +--------+--------+--------+--------+--------+-----+--------+

Top non-repeatable levels by time:
     D:6: 1293 daAuts
     D:2: 1231 daAuts
     D:3: 900 daAuts
     D:1: 670 daAuts
     D:4: 441 daAuts
     D:5: 356 daAuts
